 Dungeon Crawl Stone Soup version 0.30-a0-989-g0d87f670db (webtiles) character file.

Game seed: 12363074406018451756

7389 112233 the Zephyrmancer (level 11, -8/64 HPs)
             Began as a Tengu Air Elementalist on Apr 3, 2023.
             Was a Priest of Vehumet.
             Mangled by a wyvern (10 damage)
             ... on level 9 of the Dungeon.
             The game lasted 00:11:52 (9106 turns).

112233 the Zephyrmancer (Tengu Air Elementalist)    Turns: 9106, Time: 00:11:53

Health: -8/64      AC: 11    Str:  9    XL:     11   Next: 14%
Magic:  8/24       EV: 17    Int: 19    God:    Vehumet [***...]
Gold:   1162       SH:  0    Dex: 14    Spells: 16/26 levels left

rFire   . . .      SeeInvis .    j - +8 sling of Archet {heavy, Dex+2}
rCold   + + .      Faith    .    (no shield)
rNeg    . . .      Spirit   .    q - +2 robe {rC+}
rPois   +          Reflect  .    r - +1 hat
rElec   .          Rampage  .    p - +2 cloak of Waugub {+Inv rC+ Regen+ Dex-3}
rCorr   .          Rnd*Tele +    l - +0 pair of gloves
Will    .....                    (boots unavailable)
Stlth   ++                       (no amulet)
HPRegen 1.10/turn                (no ring)
MPRegen 0.19/turn                (no ring)

@: lethally poisoned (-8 -> -9), flying quickly and evasively, quick
A: beak, talons 3, nimble flight, iridescent scales 1, poison resistance,
teleportitis 1
a: Renounce Religion, Evoke Invisibility


You were on level 9 of the Dungeon.
You worshipped Vehumet.
Vehumet was most pleased with you.
You visited 2 branches of the dungeon, and saw 10 of its levels.

You collected 1162 gold pieces.

Inventory:

Hand Weapons
 c - a +1 whip
 j - the +8 sling of Archet (weapon) {heavy, Dex+2}
   (You found it on level 2 of the Dungeon)

   Dex:       It affects your dexterity (+2).
Armour
 a - a +0 robe
 l - a +0 pair of gloves (worn)
 p - the +2 cloak of Waugub (worn) {+Inv rC+ Regen+ Dex-3}
   (You found it on level 4 of the Dungeon)

   Dex:       It affects your dexterity (-3).
   rC:        It protects you from cold.
   +Inv:      It lets you turn invisible.
   Regen:     It increases your rate of health regeneration.
 q - a +2 robe of cold resistance (worn)
 r - a +1 hat (worn)
Magical Staves
 b - a staff of air
Jewellery
 f - a ring of fire
 g - a ring of positive energy
Wands
 t - a wand of flame (27)
Scrolls
 d - 9 scrolls of identify
 e - 3 scrolls of fog
 i - a scroll of enchant weapon
 s - a scroll of torment
 y - a scroll of immolation
 z - a scroll of magic mapping
 A - a scroll of amnesia
Potions
 h - 3 potions of magic
 m - a potion of cancellation
 o - a potion of ambrosia
 u - 2 potions of might
 v - a potion of flight


   Skills:
 + Level 5.7 Fighting
 + Level 6.7 Dodging
 - Level 2.0 Stealth
 * Level 8.1 Spellcasting
 * Level 11.1 Conjurations
 * Level 11.7 Air Magic


You had 16 spell levels left.
You knew the following spells:

 Your Spells              Type           Power      Damage    Failure   Level
a - Shock                 Conj/Air       100%       1d9       1%          1
b - Static Discharge      Conj/Air       100%       2-7/arc   1%          2
c - Airstrike             Air            25%        2d(4-20)  1%          4
d - Swiftness             Air            51%        N/A       1%          3

Your spell library contained the following spells:

 Spells                   Type           Power      Damage    Failure   Level
 Kindle Blastsparks       Fire/Tloc/Air  44%        2d13      1%          3
 Poisonous Vapours        Pois/Air       60%        N/A       1%          2
 Hailstorm                Conj/Ice       28%        3d8       1%          3
 Slow                     Hex            28%        N/A       9%          1
 Sting                    Tmut/Pois      28%        1d4       9%          1
 Summon Small Mammal      Summ           28%        N/A       9%          1
 Orb of Destruction       Conj           25%        9d9       21%         7
 Olgreb's Toxic Radiance  Pois           7%         N/A       22%         4
 Call Canine Familiar     Summ           7%         N/A       26%         3
 Confusing Touch          Hex            7%         N/A       26%         3
 Gell's Gravitas          Tloc           7%         N/A       26%         3
 Summon Guardian Golem    Hex/Summ       7%         N/A       26%         3
 Teleport Other           Tloc           7%         N/A       26%         3
 Vampiric Draining        Necr           7%         2d6       26%         3
 Ice Form                 Ice/Tmut       7%         N/A       65%         4
 Spellforged Servitor     Conj/Summ      14%        N/A       86%         7
 Dispersal                Tloc           3%         N/A       100%        6
 Simulacrum               Ice/Necr       3%         N/A       100%        6


Dungeon Overview and Level Annotations

Branches:
Dungeon (9/15)             Temple (1/1) D:5
   Lair: D:8-11         Orc: D:9-12

Altars:
Ashenzari
Cheibriados
Dithmenos
Elyvilon
Fedhas
Hepliaklqana
Kikubaaqudgha
Makhleb
Okawaru
Qazlal
Ru
Sif Muna
Trog
Uskayaw
Vehumet
Wu Jian
Yredelemnul
The Shining One

Annotations:
D:5 exclusion: downstairs
D:8 Gastronok, Psyche


Innate Abilities, Weirdness & Mutations

You have a beak for a mouth.
You have claws for feet.
Your magical nature lets you fly swiftly and evasively.
You are partially covered in iridescent scales. (AC +2)
Your system is resistant to poisons. (rPois)
You are occasionally teleported next to monsters.


Message History

Unknown command.
Found a scroll labelled AGUHUJ QEENIA and 19 gold pieces.
You feel yourself speed up.
You feel sick.
You kill the steam dragon!
Vehumet accepts your kill.
The wyvern is engulfed in poison gas.
The wyvern looks even sicker.
The wyvern is engulfed in poison gas.
The wyvern looks even sicker.
The yak is engulfed in poison gas.
The yak looks as sick as possible!
The yak gores you.
You are too injured to fight recklessly!
Unknown command.
Casting: Static Discharge (safe; 1% risk of failure)
Confirm with . or Enter, or press ? or * to list all spells.
The yak is struck by an arc of lightning!
You kill the yak!
Vehumet accepts your kill.
You feel your power returning.
You are struck by an arc of lightning.
You feel sick.
The wyvern looks as sick as possible!
The wyvern is engulfed in poison gas.
The wyvern looks as sick as possible!
The wyvern misses you.
You feel sick.
A killer bee comes into view.
The wyvern looks as sick as possible!
The wyvern bites you!
* * * LOW HITPOINT WARNING * * *
The killer bee moves out of view.
Unknown command.
Unknown command.
Unknown command.
Casting: Static Discharge (safe; 1% risk of failure)
Confirm with . or Enter, or press ? or * to list all spells.
Aiming: Airstrike (safe; 1% risk of failure)
Press: ? - help, Dir - move target, f - wyvern
Aim: a wyvern (heavily wounded, extremely poisoned, empty space bonus: 5/8)
The air twists around and strikes the wyvern!
The wyvern is almost dead.
You are engulfed in a cloud of scalding steam.
* * * LOW HITPOINT WARNING * * *
You feel sick. The wyvern completely misses you. The wyvern bites you!
You die...

....♣....♣.. ⌠....$⌠ .P... #..
...○.§§ #..## ⌠..°§.☼ ## ⌠....
#..#.# ..?°°.○ #.# ..... #.##..#
..☼○°#°°# P.... #.##...# .°#°§.#
#. ..... ###.##....#####l.§§#...
..... .....##...○.○)○§@§##...
..... ....####..†.○☼...##....
##.## .......###?§!.§###.....
.........#######.......
........)..................#.....
#......))..................#D.. .
..P......)...........#........♣..
..♣PP.....).........##........♣.~
....P......)÷).................~~


You could see a wyvern (extremely poisoned).

Vanquished Creatures
  A boulder beetle (D:9)
  A two-headed ogre (D:9)
  A kobold demonologist (D:9)
  A hornet (D:9)
  A wraith (D:9)
  8 yaks
  3 steam dragons
  3 wyverns (D:9)
  3 water moccasins
  5 orc warriors (D:9)
  An ice beast (D:5)
  3 black bears
  2 sky beasts (D:7)
  4 ogres
  2 centaurs
  2 kobold brigands
  2 bullfrogs
  A gnoll sergeant (D:6)
  2 scorpions
  11 killer bees
  4 jellies
  2 hounds
  3 orc priests
  2 sleepcaps
  An iguana (D:5)
  9 orc wizards
  Robin (D:4)
  4 gnolls (D:6)
  10 adders
  2 shadow imps
  2 white imps
  An ufetubus (D:5)
  A worm (D:4)
  2 dart slugs
  21 orcs
  5 bats
  5 endoplasms
  3 giant cockroaches
  7 goblins
  9 hobgoblins
  6 jackals
  2 quokkas
  6 ball pythons
  4 frilled lizards
  5 kobolds
  5 rats
179 creatures vanquished.

Vanquished Creatures (others)
  An orc (D:8)
1 creature vanquished.

Grand Total: 180 creatures vanquished

Notes
Turn   | Place    | Note
-------+----------+-------------------------------------------
     0 | D:1      | 112233 the Tengu Air Elementalist began the quest for the
                  | Orb.
     0 | D:1      | Reached XP level 1. HP: 10/10 MP: 4/4
    84 | D:1      | Found a faded altar of an unknown god.
   231 | D:1      | Reached XP level 2. HP: 15/15 MP: 3/6
   282 | D:1      | Learned a level 2 spell: Static Discharge
   670 | D:2      | Identified the +8 sling of Archet {heavy, Dex+2}
   987 | D:2      | Reached XP level 3. HP: 20/20 MP: 7/7
  1563 | D:3      | Reached XP level 4. HP: 19/24 MP: 8/8
  1713 | D:3      | Reached skill level 1 in Fighting
  1753 | D:3      | Found a bloodstained altar of Trog.
  2014 | D:4      | Identified the +2 cloak of Waugub {+Inv rC+ Regen+ Dex-3}
  2204 | D:4      | Found an ornate altar of the Wu Jian Council.
  2337 | D:4      | Noticed Robin
  2342 | D:4      | Gained mutation: You are occasionally teleported next to
                  | monsters. [potion of mutation]
  2342 | D:4      | Gained mutation: You are partially covered in iridescent
                  | scales. (AC +2) [potion of mutation]
  2342 | D:4      | Gained mutation: Your system is resistant to poisons.
                  | (rPois) [potion of mutation]
  2354 | D:4      | Killed Robin
  2355 | D:4      | Reached skill level 5 in Air Magic
  2523 | D:4      | Noticed a scorpion
  2526 | D:4      | Killed a scorpion
  2527 | D:4      | Gained mutation: Your magical nature lets you fly swiftly
                  | and evasively. [Tengu growth]
  2527 | D:4      | Reached XP level 5. HP: 29/29 MP: 10/10
  2951 | D:4      | Noticed a black bear
  2954 | D:4      | Killed a black bear
  2955 | D:4      | Reached XP level 6. HP: 35/35 MP: 10/12
  3093 | D:5      | Entered Level 5 of the Dungeon
  3177 | D:5      | Found a staircase to the Ecumenical Temple.
  3243 | D:5      | Found a basalt altar of Yredelemnul.
  3245 | D:5      | Noticed a profane servitor
  3258 | D:5      | Found a glowing golden altar of the Shining One.
  3260 | D:5      | Noticed an angel
  3298 | Temple   | Entered the Ecumenical Temple
  3514 | Temple   | Became a worshipper of Vehumet
  3662 | D:5      | Noticed an ice beast
  3671 | D:5      | Killed an ice beast
  3672 | D:5      | Reached XP level 7. HP: 37/40 MP: 6/13
  3894 | D:5      | Learned a level 4 spell: Airstrike
  3898 | D:5      | Learned a level 3 spell: Swiftness
  3968 | D:6      | Reached skill level 5 in Conjurations
  4018 | D:6      | HP: 2/40 [poisoned by a water moccasin]
  4196 | D:6      | Reached XP level 8. HP: 42/45 MP: 10/15
  4355 | D:6      | Reached * piety under Vehumet
  4355 | D:6      | Offered knowledge of Foxfire by Vehumet.
  4385 | D:6      | Noticed a yak
  4385 | D:6      | Noticed a yak
  4385 | D:6      | Noticed a yak
  4385 | D:6      | Noticed a yak
  4385 | D:6      | Noticed a yak
  4385 | D:6      | Noticed a yak
  4394 | D:6      | Identified a scroll of acquirement
  4394 | D:6      | Acquired a staff of air
  4395 | D:6      | Killed a yak
  4395 | D:6      | Killed a yak
  4396 | D:6      | Reached skill level 5 in Spellcasting
  4396 | D:6      | Killed a yak
  4399 | D:6      | Killed a yak
  4400 | D:6      | Reached XP level 9. HP: 22/51 MP: 14/18
  4703 | D:6      | Reached skill level 5 in Dodging
  5613 | D:8      | Noticed Gastronok
  6104 | D:7      | Reached ** piety under Vehumet
  6118 | D:7      | Offered knowledge of Poisonous Vapours by Vehumet.
  6125 | D:6      | Learned a level 2 spell: Poisonous Vapours
  6125 | D:6      | Acquired 641 gold pieces
  7419 | D:8      | Reached XP level 10. HP: 58/58 MP: 13/21
  7720 | D:8      | Noticed Psyche
  7734 | D:9      | Reached skill level 10 in Air Magic
  8249 | D:9      | Found a hide-covered altar of Uskayaw.
  8375 | D:9      | Found a snail-covered altar of Cheibriados.
  8388 | D:9      | Offered knowledge of Kindle Blastsparks by Vehumet.
  8558 | D:9      | Noticed a boulder beetle
  8618 | D:9      | Killed a boulder beetle
  8619 | D:9      | Reached skill level 5 in Fighting
  8619 | D:9      | Reached skill level 10 in Conjurations
  8746 | D:9      | Found a broken altar of Ashenzari.
  8756 | D:9      | Noticed a kobold demonologist
  8765 | D:9      | Killed a kobold demonologist
  8988 | D:9      | Reached *** piety under Vehumet
  9095 | D:9      | Noticed a two-headed ogre
  9102 | D:9      | Killed a two-headed ogre
  9103 | D:9      | Reached XP level 11. HP: 24/64 MP: 10/24
  9106 | D:9      | HP: 2/64 [something (6)]
  9106 | D:9      | Mangled by a wyvern

Illustrated notes

Levels and vault maps discovered:
D:1:      dpeg_arrival_stonehenge_8_columns, layout_rooms,
          ebering_ecumenical_altar_petrified
D:2:      layout_basic
D:3:      layout_rooms, trog_book
D:4:      layout_basic, pdpol_wu_jian_five_deadly_venoms,
          kennysheep_generic_room_10, uniq_robin
D:5:      layout_basic, grunt_temple_overflow_holy_war, minmay_temple_entry_tees
D:6:      layout_basic
D:7:      layout_basic
D:8:      layout_loops_ring, uniq_pikel, uniq_psyche, uniq_gastronok
D:9:      kennysheep_ambush_hall, layout_cave_pools,
          grunt_temple_overflow_gold_and_silver,
          mainiacjoe_overflow_large_starburst,
          mainiacjoe_overflow_small_starburst, mainiacjoe_overflow_alcove_2,
          kennysheep_orc_monster_closet_entryway, enter_bailey_2, serial_park,
          serial_park_tiny_2, serial_park_tiny_2, serial_park_square3
          [serial_park_minivault_5x5_2], serial_park_square3
          [serial_park_minivault_5x5_7], serial_park_tiny_2
Temple:   minmay_temple_curvy_loop

Skill      XL: |  1  2  3  4  5  6  7  8  9 10 |
---------------+-------------------------------+-----
Conjurations   | 2 3 4 5 7 9 11 | 11.1
Fighting       | 1 2 3 4 5 |  5.7
Air Magic      | 5 6 7 8 9 11 | 11.7
Spellcasting   | 3 4 5 6 8 |  8.1
Dodging        | 3 4 5 6 |  6.7
Stealth        | |  2.0

Action                     |  1- 3 |  4- 6 |  7- 9 | 10-12 || total
---------------------------+-------+-------+-------+-------++-------
  Melee: Whip              |     7 |       |       |       ||     7
         Peck              |     2 |       |     1 |       ||     3
         Staff             |       |       |    52 |       ||    52
         Kick              |       |       |    11 |       ||    11
   Fire: Sling             |    19 |    51 |    45 |    30 ||   145
   Cast: Shock             |    38 |    11 |     6 |       ||    55
         Static Discharge  |     6 |     5 |    14 |     7 ||    32
         Airstrike         |       |       |    61 |    56 ||   117
         Swiftness         |       |       |     1 |       ||     1
  Evoke: Wand              |       |       |       |     1 ||     1
    Use: Potion            |     1 |     3 |     7 |     1 ||    12
         Scroll            |       |       |    17 |     4 ||    21
 Armour: Robe              |    22 |     4 |    23 |    17 ||    66
         Skin              |       |       |    35 |       ||    35
  Dodge: Dodged            |    51 |    21 |    74 |    61 ||   207

Table legend: (Time is in decaauts)
 A = Elapsed time spent in this place.
 B = Non-inter-level travel time spent in this place.
 C = Inter-level travel time spent in this place.
 D = Time resting spent in this place.
 E = Time spent auto-exploring this place.
 F = Levels seen in this place.
 G = Mean time per level.
                   A        B        C        D        E       F      G
               +--------+--------+--------+--------+--------+-----+--------+
         Total |   8969 |   8438 |    531 |   1813 |   5456 |  10 |  896.9 |
       Dungeon |   8763 |   8268 |    495 |   1813 |   5290 |   9 |  973.7 |
        Temple |    206 |    170 |     36 |      0 |    165 |   1 |  206.0 |
               +--------+--------+--------+--------+--------+-----+--------+

Top non-repeatable levels by time:
     D:6: 1640 daAuts
     D:7: 1359 daAuts
     D:4: 1076 daAuts
     D:8: 986 daAuts
     D:9: 848 daAuts
     D:5: 824 daAuts
     D:2: 802 daAuts
     D:1: 637 daAuts
     D:3: 587 daAuts
  Temple: 206 daAuts
